 Dungeon Crawl Stone Soup version 0.24-a0-373-g39439d866b (webtiles) character file.

Game seed: 6051197116870422104

993 wilfster70 the Chopper (level 7, -2/51 HPs)
             Began as a Minotaur Chaos Knight on May 30, 2019.
             Was a Plaything of Xom.
             Slain by a sun demon (17 damage)
             ... summoned by Xom
             ... on level 4 of the Dungeon.
             The game lasted 00:09:39 (4371 turns).

wilfster70 the Chopper (Minotaur Chaos Knight)      Turns: 4371, Time: 00:09:39

Health: -2/51      AC: 10    Str: 16    XL:     7   Next: 98%
Magic:  6/6        EV:  8    Int:  9    God:    Xom [....*.]
Gold:   169        SH:  0    Dex: 10    Spells: 6/6 levels left

rFire    . . .     SeeInvis .   a - +1 hand axe (chaos)
rCold    . . .     Gourm    .   (no shield)
rNeg     . . .     Faith    .   t - +0 chain mail
rPois    .         Spirit   .   (helmet restricted)
rElec    .         Reflect  .   (no cloak)
rCorr    .         Harm     .   (no gloves)
MR       .....                  (no boots)
Stlth    ..........             (no amulet)
HPRegen  0.17/turn              (no ring)
MPRegen  0.10/turn              (no ring)

@: no status effects
A: retaliatory headbutt, horns 2, talons 1, frail 2, weak 1
a: Renounce Religion


You were on level 4 of the Dungeon.
You worshipped Xom.
You were a beloved toy of Xom.
You were not hungry.

You visited 2 branches of the dungeon, and saw 7 of its levels.

You collected 169 gold pieces.

Inventory:

Hand Weapons
 a - a +1 hand axe of chaos (weapon)
Armour
 t - a +0 chain mail (worn)
Jewellery
 k - a +3 ring of evasion {unknown}
Scrolls
 e - 3 scrolls of teleportation
 i - a scroll of identify
 l - a scroll of blinking
Potions
 d - 2 potions of brilliance
 f - a potion of resistance {unknown}
 h - a potion of flight
 n - a potion of lignification
 p - 2 potions of invisibility
 q - a potion of curing {unknown}
 r - 2 potions of degeneration {unknown}
 s - a potion of magic {unknown}
Comestibles
 c - 6 rations


   Skills:
 + Level 6.5 Fighting
 + Level 6.6 Axes
 + Level 6.0 Armour
 + Level 4.9 Dodging


You had 6 spell levels left.
You didn't know any spells.
Your spell library was empty.

Dungeon Overview and Level Annotations

Branches:
Dungeon (6/15)             Temple (1/1) D:4

Altars:
Ashenzari
Dithmenos
Trog
Vehumet
Xom
Yredelemnul

Annotations:
D:4 exclusion: statue


Innate Abilities, Weirdness & Mutations

You reflexively headbutt those who attack you in melee.
You have a pair of horns on your head.
You have sharp toenails.
You are very frail. (-20% HP)
You are weak. (Str -2)


Message History

You closely miss the white imp. Your kick misses the white imp.
The white imp gestures at you. The puff of frost hits you!
You hit the white imp. You burn the white imp. You claw the white imp.
You kill the white imp!
The sun demon hits you but does no damage.
You hit the sun demon. You freeze the sun demon.
Your kick misses the sun demon. Your headbutt misses the sun demon.
The sun demon is lightly wounded.
The sun demon hits you but does no damage.
You closely miss the sun demon.
The sun demon is lightly wounded.
The sun demon hits you.
You are engulfed in flames!
You closely miss the sun demon.
You claw the sun demon, but do no damage.
The sun demon is lightly wounded.
The sun demon hits you!
* * * LOW HITPOINT WARNING * * *
You are engulfed in flames!
You die...

#.## #.######.....## ##.##
.#.#####.........>...#######.#
###.........###..............#
.#.#######..# ##....########.#
#.## #..# ##...# #.#
#.########..# ##).# #.#
...........)# #..# #รท#
#....######.######..# #.# ##
...#)######.....@35.# #.###.
............######..# #.##.#
##.#.#####.#.#####..## #...##
#.#.#
#..###..5.....#######.##.#
#.#.#
#.#.#.######..........###.
#.#.# #.##.## ##.######### #.
#.#.# #.##.# #.# #. #.#.#
#.##.# #.# #>
#.#.###.##.########.# #.


You could see a sun demon and a white imp.

Vanquished Creatures
  Pikel (D:4)
  An ice beast (D:5)
  4 slaves (D:4)
  An ogre (D:4)
  A scorpion (D:4)
  A hound (D:4)
  An orc wizard (D:2)
  Natasha (twice) (D:4)
  Terence (D:3)
  An iguana (D:4)
  7 adders
  2 oozes
  2 worms
  3 dart slugs
  3 leopard geckos
  6 orcs
  4 giant cockroaches
  11 goblins
  6 hobgoblins
  6 jackals
  9 kobolds
  5 ball pythons
  5 bats
  9 frilled lizards
  4 rats
96 creatures vanquished.

Notes
Turn   | Place    | Note
-------+----------+-------------------------------------------
     0 | D:1      | wilfster70 the Minotaur Chaos Knight began the quest for
                  | the Orb.
     0 | D:1      | Reached XP level 1. HP: 19/19 MP: 0/0
    55 | D:1      | Reached XP level 2. HP: 19/27 MP: 1/1
   109 | D:1      | XOM: harmless Chrm miscast
   133 | D:1      | XOM is BORED!
   133 | D:1      | XOM: silly message
   184 | D:1      | XOM: noise
   798 | D:1      | XOM: draining
  1115 | D:1      | XOM: harmless Summ miscast
  1164 | D:2      | XOM: enchant monster (good)
  1230 | D:2      | Found a shattered altar of Ashenzari.
  1241 | D:2      | XOM: polymorph adder -> orc
  1246 | D:2      | Reached XP level 3. HP: 33/33 MP: 2/2
  1301 | D:2      | Found a shimmering altar of Xom.
  1475 | D:2      | XOM: medium Pois miscast
  1540 | D:2      | XOM: summons 1 hostile demon
  1763 | D:2      | Reached XP level 4. HP: 41/41 MP: 3/3
  1837 | D:2      | XOM: harmless Chrm miscast
  1900 | D:2      | XOM: harmless Chrm miscast
  1917 | D:2      | XOM: severe Hex miscast
  2527 | D:3      | Found a shadowy altar of Dithmenos.
  2527 | D:3      | Noticed Terence
  2533 | D:3      | XOM: smoke on damage
  2536 | D:3      | Killed Terence
  2536 | D:3      | Reached XP level 5. HP: 29/47 MP: 4/4
  2627 | D:3      | XOM: give mutation
  2627 | D:3      | Gained mutation: You have sharp toenails. [Xom's grace]
  2982 | D:4      | Noticed Natasha
  2991 | D:4      | XOM: smoke on damage
  3003 | D:4      | Killed Natasha
  3003 | D:4      | Reached skill level 5 in Axes
  3011 | D:4      | XOM: summons friendly white imp
  3043 | D:4      | XOM: 1-stop teleportation journey
  3068 | D:4      | HP: 2/47 [poisoned by an adder]
  3073 | D:4      | Found a staircase to the Ecumenical Temple.
  3080 | Temple   | Entered the Ecumenical Temple
  3238 | Temple   | XOM: silly message
  3376 | D:4      | Noticed Natasha
  3383 | D:4      | Killed Natasha
  3383 | D:4      | Reached skill level 5 in Fighting
  3404 | D:4      | Found a radiant altar of Vehumet.
  3404 | D:4      | Noticed a frost-covered statue
  3483 | D:4      | Noticed Natasha
  3488 | D:4      | Noticed Natasha
  3488 | D:4      | Natasha changed into Natasha the iguana
  3488 | D:4      | XOM: polymorph Natasha -> Natasha the iguana
  3490 | D:4      | Killed Natasha the iguana
  3490 | D:4      | Reached XP level 6. HP: 56/56 MP: 5/5
  3513 | D:4      | You fall into a shaft and drop 2 floors!
  3513 | D:6      | Found a bloodstained altar of Trog.
  3536 | D:6      | XOM: confuse monster(s)
  3545 | D:6      | XOM: summons 1 hostile shadow creature
  3582 | D:5      | Entered Level 5 of the Dungeon
  3582 | D:5      | Noticed an ice beast
  3588 | D:5      | XOM: summons 1 hostile demon
  3598 | D:5      | Killed an ice beast
  3682 | D:4      | XOM: harmless Erth miscast
  3738 | D:4      | XOM: confusion (+ monsters)
  3744 | D:4      | Reached skill level 5 in Armour
  3744 | D:4      | Reached XP level 7. HP: 37/62 MP: 6/6
  3924 | D:4      | Noticed Pikel
  3941 | D:4      | XOM: confuse monster(s)
  3947 | D:4      | XOM: harmless Ice miscast
  3979 | D:4      | Killed Pikel
  4172 | D:4      | XOM: give mutations
  4172 | D:4      | Gained mutation: You are weak. (Str -2) [Xom's mischief]
  4172 | D:4      | Gained mutation: You are frail. (-10% HP) [Xom's mischief]
  4172 | D:4      | Gained mutation: You are very frail. (-20% HP) [Xom's
                  | mischief]
  4217 | D:4      | XOM: harmless Necr miscast
  4361 | D:4      | XOM: summons 3 hostile demons
  4362 | D:4      | Noticed a sun demon
  4371 | D:4      | Slain by a sun demon

Levels and vault maps discovered:
D:1:      dpeg_arrival_windows_large_door, layout_basic, serial_forest,
          infiniplex_forest_straight_2, infiniplex_forest_lined_room_2,
          infiniplex_forest_clump_long, infiniplex_forest_lined_corner,
          infiniplex_forest_clump_diagonal, infiniplex_forest_clump_tiny,
          infiniplex_forest_corner_2, infiniplex_forest_straight_3
D:2:      layout_loops_corners, nicolae_ashenzari_panopticon,
          nicolae_overflow_crystal_walls
D:3:      layout_basic, grunt_dithmenos_smoke, uniq_terence
D:4:      layout_loops_ring, vehumet_statue, minmay_temple_entry_metal_lava,
          uniq_natasha, uniq_pikel
D:5:      layout_layer_cave, first_ration, basic_altar, lemuel_angel_altar,
          uniq_edmund
D:6:      layout_loops_corners, old_standard_altar,
          nicolae_overflow_hidden_temple, basic_altar
Temple:   minmay_crystal_spiral_temple

Skill      XL: |  1  2  3  4  5  6  7 |
---------------+----------------------+-----
Axes           | 4 5 6 |  6.6
Fighting       | 4 5 6 |  6.5
Armour         | 3 4 5 6 |  6.0
Dodging        | 2 3 4 |  4.9

Action                   |  1- 3 |  4- 6 |  7- 9 || total
-------------------------+-------+-------+-------++-------
Melee: Hand axe          |    98 |   145 |    58 ||   301
       Headbutt          |    15 |    23 |     9 ||    47
       Kick              |       |    27 |    17 ||    44
  Use: Scroll            |       |     7 |     6 ||    13
 Stab: Confused          |       |       |     1 ||     1
  Eat: Chunk             |     3 |     6 |     2 ||    11
Armor: Leather armour    |     4 |       |       ||     4
       Ring mail         |    26 |     8 |       ||    34
       Chain mail        |       |    61 |    22 ||    83
Dodge: Dodged            |    39 |    60 |    14 ||   113

Table legend:
 A = Non-vault XP
 B = Vault XP
 C = Vault XP percentage of total XP
 D = Non-vault monster count
 E = Vault monster count
 F = Vault count percentage of total count
                 A         B        C        D         E       F
            +---------+---------+-------+---------+---------+-------
      Total |     730 |     689 |  48.6 |      89 |       3 |   3.3
            +---------+---------+-------+---------+---------+-------
        D:1 |      38 |       0 |   0.0 |      20 |       0 |   0.0
        D:2 |     104 |       0 |   0.0 |      26 |       0 |   0.0
        D:3 |      59 |      36 |  37.9 |      21 |       1 |   4.5
        D:4 |     387 |     653 |  62.8 |      19 |       2 |   9.5
        D:5 |     135 |       0 |   0.0 |       2 |       0 |   0.0
        D:6 |       7 |       0 |   0.0 |       1 |       0 |   0.0
            +---------+---------+-------+---------+---------+-------
